 Dungeon Crawl Stone Soup version 0.20.1-1-g8b1a95d (webtiles) character file.

573 polve the Chopper (level 7, -2/50 HPs)
             Began as a Demonspawn Gladiator on July 6, 2017.
             Killed from afar by an oklob plant (7 damage)
             ... with a splash of acid
             ... on level 4 of the Dungeon.
             The game lasted 00:04:21 (4103 turns).

polve the Chopper (Demonspawn Gladiator)            Turns: 4103, Time: 00:04:21

Health: -2/50      AC: 15    Str: 17    XL:     7   Next: 12%
Magic:  0/7        EV:  8    Int:  9    God:
Gold:   219        SH:  0    Dex: 14    Spells: 6/6 levels left

rFire    + . .     SeeInvis .   a - +0 battleaxe
rCold    . . .     Gourm    .   (shield currently unavailable)
rNeg     . . .     Faith    .   o - +0 chain mail {rF+}
rPois    +         Spirit   +   c - +0 helmet
rElec    .         Reflect  .   y - +0 cloak
rCorr    .         Harm     .   w - +0 pair of gloves
MR       .....                  (no boots)
Stlth    ..........             z - amulet of guardian spirit
Regen    0.2/turn               g - ring of poison resistance
MPRegen  0.1/turn               (no ring)

@: no status effects
A: hooves 2, yellow scales 2, powered by death 1
a: no special abilities


You were on level 4 of the Dungeon.
You were very hungry.

You visited 1 branch of the dungeon, and saw 4 of its levels.

You collected 219 gold pieces.

Inventory:

Hand Weapons
 a - a +0 battleaxe (weapon)
 b - a +4 blowgun
Missiles
 d - 3 throwing nets (quivered)
 u - 22 poisoned needles
Armour
 c - a +0 helmet (worn)
 o - a +0 chain mail of fire resistance (worn)
 w - a +0 pair of gloves (worn)
 y - a +0 cloak (worn)
Jewellery
 g - a ring of poison resistance (left hand)
 z - an amulet of guardian spirit (around neck)
Scrolls
 e - 3 scrolls of teleportation {unknown}
 h - a scroll of fog {unknown}
 i - a scroll of enchant armour {unknown}
 k - 2 scrolls of remove curse {unknown}
 l - 2 scrolls of immolation {unknown}
 n - 2 scrolls of identify {unknown}
 r - a scroll of magic mapping {unknown}
 t - a scroll of fear {unknown}
Potions
 j - 5 potions of magic
 p - 2 potions of curing
 q - 3 potions of flight {unknown}
 s - a potion of lignification {unknown}
 v - a potion of agility {unknown}
Comestibles
 f - 2 bread rations
 m - a meat ration
 x - a royal jelly


   Skills:
 + Level 2.2 Fighting
 * Level 6.1 Axes
 - Level 1.7 Throwing
 - Level 4.0 Armour
 - Level 2.6 Dodging


You had 6 spell levels left.
You didn't know any spells.

Dungeon Overview and Level Annotations

Branches:
Dungeon (4/15)
 Temple: D:4-7

Altars:
Fedhas

Annotations:
D:4 exclusion: oklob plant


Innate Abilities, Weirdness & Mutations

You have hoof-like feet.
You are mostly covered in yellow scales. (AC +3)
You regenerate a little health from kills.


Message History

The oklob plant spits acid at you. The splash of acid hits you!
You are splashed with acid!
The acid burns!
* * * LOW HITPOINT WARNING * * *
You see here 2 fruits.
You hit the oklob plant.
You kick the oklob plant, but do no damage.
The oklob plant is lightly damaged.
You hit the fungus. x2
The oklob plant spits acid at you. The splash of acid hits you!
* * * LOW HITPOINT WARNING * * *
You are splashed with acid!
The acid burns!
* * * LOW HITPOINT WARNING * * *
You slash the oklob plant!
You kick the oklob plant, but do no damage.
The oklob plant is moderately damaged.
You slash the fungus! You hit the fungus but do no damage.
The oklob plant spits acid at you. The splash of acid hits you!
You die...

PPPP.≈≈≈≈...≈≈≈≈.P#P
##PPP.≈≈≈≈≈.≈≈≈≈≈.P.#
#.PP#..≈≈≈≈.≈≈≈≈..PP.
#PPPPP..≈≈≈.≈≈≈..PPPP
##PPP#P..≈≈.≈≈..P#PP.
#PPPPPPP........#.PPP


#.%.PPP.....PPPPPPP.P #PP%%%%P...PPP#P.P#P# #.#P@.PP#.P.PPP##P#PP
#PPPP.PPPPP.PPPP#PPPP ##################### #.##.#.#....... #...<....#.####
####.#####.# #.#####.# #.......# ######### You could see an oklob plant.

Vanquished Creatures
  An ogre (D:4)
  2 scorpions (D:4)
  A howler monkey (D:4)
  4 orc wizards
  An orc priest (D:4)
  3 worker ants (D:4)
  Robin (D:4)
  6 adders
  A worm (D:4)
  A dart slug (D:1)
  A leopard gecko (D:1)
  4 orcs
  A ball python (D:2)
  4 bats
  6 giant cockroaches
  14 goblins
  6 hobgoblins
  11 jackals
  A quokka (D:2)
  3 frilled lizards
  6 kobolds
  A quokka skeleton (D:3)
  5 rats
  3 fungi (D:4)
  4 plants (D:4)
91 creatures vanquished.

Vanquished Creatures (others)
  17 toadstools (D:4)
17 creatures vanquished.

Grand Total: 108 creatures vanquished

Notes
Turn   | Place    | Note
-------+----------+-------------------------------------------
     0 | D:1      | polve the Demonspawn Gladiator began the quest for the Orb.
     0 | D:1      | Reached XP level 1. HP: 16/16 MP: 1/1
    72 | D:1      | Reached skill level 3 in Axes
   268 | D:1      | Gained mutation: You have large cloven feet. [demonic ancestry]
   268 | D:1      | Reached XP level 2. HP: 22/22 MP: 2/2
   786 | D:2      | Reached XP level 3. HP: 27/27 MP: 3/3
  1384 | D:2      | Reached skill level 4 in Axes
  2010 | D:3      | Reached skill level 1 in Armour
  2148 | D:3      | Gained mutation: You are partially covered in yellow scales. (AC +2) [demonic ancestry]
  2148 | D:3      | Reached XP level 4. HP: 29/33 MP: 4/4
  2254 | D:3      | Gained mutation: You have hoof-like feet. [demonic ancestry]
  2254 | D:3      | Reached XP level 5. HP: 38/38 MP: 5/5
  2719 | D:4      | Reached skill level 5 in Axes
  2893 | D:4      | Gained mutation: You regenerate a little health from kills. [demonic ancestry]
  2893 | D:4      | Reached XP level 6. HP: 36/44 MP: 6/6
  2960 | D:4      | Noticed Robin
  2966 | D:4      | Killed Robin
  3662 | D:4      | Gained mutation: You are mostly covered in yellow scales. (AC +3) [demonic ancestry]
  3662 | D:4      | Reached XP level 7. HP: 49/50 MP: 7/7
  3729 | D:4      | Reached skill level 6 in Axes
  4038 | D:4      | Found a blossoming altar of Fedhas.
  4061 | D:4      | Noticed an oklob plant
  4103 | D:4      | Killed from afar by an oklob plant

Skill      XL: |  1  2  3  4  5  6  7 |
---------------+----------------------+-----
Axes           | 3 4 5 6 |  6.1
Armour         | 1 2 3 4 |  4.0
Fighting       | |  2.2
Throwing       | |  1.7
Dodging        | |  2.6

Action                   |  1- 3 |  4- 6 |  7- 9 || total
-------------------------+-------+-------+-------++-------
Melee: War axe           |   104 |   100 |       ||   204
       Kick              |    22 |    41 |    23 ||    86
       Battleaxe         |       |     8 |    46 ||    54
  Use: Potion            |     2 |       |       ||     2
  Eat: Chunk             |     4 |     5 |       ||     9
Armor: Leather armour    |    14 |       |       ||    14
       Chain mail        |    40 |    94 |    19 ||   153
Dodge: Dodged            |    57 |    41 |    10 ||   108
